 Dungeon Crawl Stone Soup version 0.21.1-1-g345015f (webtiles) character file.

526 tidbits the Charmwright (level 7, 16/56 HPs)
             Began as a Gnoll Skald on June 20, 2018.
             Quit the game in the Ecumenical Temple.
             The game lasted 00:12:15 (986 turns).

tidbits the Charmwright (Gnoll Skald)                Turns: 986, Time: 00:12:16

Health: 16/56      AC:  3    Str: 13    XL:     7   Next: 23%
Magic:  7/15       EV: 14    Int: 18    God:
Gold:   128        SH:  0    Dex: 14    Spells: 6/17 levels left

rFire    . . .     SeeInvis .   v - +0 war axe
rCold    . . .     Gourm    .   (no shield)
rNeg     . . .     Faith    .   b - +0 leather armour
rPois    .         Spirit   .   (no helmet)
rElec    .         Reflect  .   (no cloak)
rCorr    .         Harm     .   (no gloves)
MR       .....                  (no boots)
Stlth    ++........             (no amulet)
HPRegen  0.18/turn              (no ring)
MPRegen  0.14/turn              (no ring)

@: no status effects
A: distributed training, fangs 1, strong nose
a: no special abilities


You were in the Ecumenical Temple.
You were near starving.

You visited 2 branches of the dungeon, and saw 6 of its levels.

You collected 128 gold pieces.

Inventory:

Hand Weapons
 a - a +0 hand axe
 e - a +0 dagger
 p - a +0 flail of draining
   (You took it off an orc on level 3 of the Dungeon)
 u - a +2 dagger of venom
   (You took it off an orc wizard on level 5 of the Dungeon)
 v - a +0 war axe (weapon)
Missiles
 i - 7 bolts
 l - 28 sling bullets
 r - 13 arrows
Armour
 b - a +0 leather armour (worn)
 h - the +0 helmet of the Trombone {-Tele rElec Int+6}
   (You took it off Robin on level 2 of the Dungeon)

   It affects your intelligence (+6).
   It insulates you from electricity.
   It prevents most forms of teleportation.
 o - a +0 cloak
Jewellery
 k - an uncursed ring of fire
   (You found it on level 2 of the Dungeon)
Scrolls
 f - 2 scrolls of identify {unknown}
 g - 2 scrolls of teleportation
 j - a scroll of enchant weapon {unknown}
 s - a scroll of noise {unknown}
 w - a scroll of brand weapon {unknown}
Potions
 q - a potion of curing
Books
 d - a book of Battle

   Spells                             Type                      Level
   a - Infusion                       Charms                       1
   b - Shroud of Golubria             Charms/Translocation         2
   c - Song of Slaying                Charms                       2
   d - Spectral Weapon                Hexes/Charms                 3
   e - Regeneration                   Charms/Necromancy            3
Comestibles
 c - 7 rations


   Skills:
 + Level 5.1 Fighting
 + Level 2.3 Short Blades
 + Level 2.3 Long Blades
 + Level 5.1 Axes
 + Level 2.3 Maces & Flails
 + Level 2.3 Polearms
 + Level 2.3 Staves
 + Level 2.3 Slings
 + Level 2.3 Bows
 + Level 2.3 Crossbows
 + Level 2.3 Throwing
 + Level 3.5 Armour
 + Level 5.1 Dodging
 + Level 2.3 Stealth
 + Level 2.3 Shields
 + Level 2.3 Unarmed Combat
 + Level 5.5 Spellcasting
 + Level 1.8 Conjurations
 + Level 1.8 Hexes
 + Level 5.8 Charms
 + Level 1.8 Summonings
 + Level 1.8 Necromancy
 + Level 1.8 Translocations
 + Level 1.8 Transmutations
 + Level 1.8 Fire Magic
 + Level 1.8 Ice Magic
 + Level 1.8 Air Magic
 + Level 1.8 Earth Magic
 + Level 1.8 Poison Magic
 + Level 2.5 Invocations
 + Level 2.3 Evocations


You had 6 spell levels left.
You knew the following spells:

 Your Spells              Type           Power        Failure   Level  Hunger
g - Shroud of Golubria    Chrm/Tloc      ###.......   4%          2    #......
i - Infusion              Chrm           ####         1%          1    None
r - Regeneration          Chrm/Necr      ###.......   10%         3    ##.....
w - Spectral Weapon       Hex/Chrm       ###.....     10%         3    ##.....
y - Song of Slaying       Chrm           ####....     2%          2    #......


Dungeon Overview and Level Annotations

Branches:
Dungeon (5/15)             Temple (1/1) D:5

Altars:
Ashenzari
Dithmenos
Elyvilon
Gozag
Kikubaaqudgha
Makhleb
Nemelex Xobeh
Okawaru
Ru
Sif Muna
Uskayaw
Wu Jian
Zin


Innate Abilities, Weirdness & Mutations

Your experience applies equally to all skills.
You have very sharp teeth.
Your uncanny sense of smell can sniff out nearby items.


Message History

Your spectral weapon shares its damage with you!
You swap places.
The worker ant closely misses you.
You closely miss the worker ant. Your punch misses the worker ant.
Your spectral weapon closely misses the worker ant.
The worker ant bites you.
You closely miss the worker ant.
Your spectral weapon barely misses the worker ant.
The worker ant bites you.
You are poisoned.
The worker ant poisons you! The worker ant barely misses you.
You slash the worker ant!
You bite the worker ant, but do no damage.
The worker ant is heavily wounded.
You feel sick.
Your spectral weapon barely misses the worker ant.
The worker ant barely misses you.
You slash the worker ant!
You kill the worker ant!
You have reached level 7!
The phantom blinks!
You barely miss the ogre.
You feel sick.
Your spectral weapon hits the ogre!
The ogre hits you with a giant club!
* * * LOW HITPOINT WARNING * * *
You hit the ogre.
The ogre is moderately wounded.
Your spectral weapon hits the ogre!
The ogre hits your spectral weapon with a giant club!
Your spectral weapon shares its damage with you!
Your spectral weapon fades away.
* * * LOW HITPOINT WARNING * * *
The ogre shouts!
You slash the ogre!
You kill the ogre!
You feel sick.
You slash the orc!
You kill the orc!
It was a potion of agility.
You feel agile all of a sudden.
It was a potion of cancellation.
Your magical effects are unravelling.
You feel magically purged.
You feel a little less agile now.
You barely miss the phantom. You bite the phantom, but do no damage.
You feel sick. The phantom misses you. The phantom closely misses you.
You slash the phantom!
The phantom is moderately damaged.
The phantom hits you.
* * * LOW HITPOINT WARNING * * *
Unknown command.
Casting: Spectral Weapon
Confirm with . or Enter, or press ? or * to list all spells.
Your skin crawls.
The phantom completely misses you.
You slash the phantom!
The phantom is heavily damaged.
You feel sick. The phantom hits you.
* * * LOW HITPOINT WARNING * * *
You barely miss the phantom.
The phantom is heavily damaged.
The phantom hits you.
* * * LOW HITPOINT WARNING * * *
Unknown command.
You hit the phantom but do no damage.
The phantom is heavily damaged.
The phantom hits you!
* * * LOW HITPOINT WARNING * * *
The phantom blinks!
Things that are here:
a club; a giant club; an ogre corpse You feel sick.
You are no longer poisoned.
Your skin is crawling a little less now.
You see here 28 sling bullets.
l - 28 sling bullets It was a potion of haste.
You feel yourself speed up.
The phantom hits you but does no damage.
Your skin stops crawling.
You are near starving!
An ogre comes into view. It is wielding a giant spiked club.
The ogre shouts!
Found a staircase to the Ecumenical Temple.
You see here 7 arrows.
r - 13 arrows (gained 7)
Found a ration.
The phantom blinks!
There is a staircase to the Ecumenical Temple here.
The phantom blinks!
You climb downwards.
Welcome to the Ecumenical Temple!
There is a staircase back to the Dungeon here.
Your extra speed is starting to run out.
Found a hide-covered altar of Uskayaw.
Found three altars.
You feel yourself slow down.
Found three altars.
Found a shadowy altar of Dithmenos.
Found an ornate altar of the Wu Jian Council and a deep blue altar of Sif Muna.
Found a sparkling altar of Nemelex Xobeh.
Unknown command.
Found an ancient bone altar of Kikubaaqudgha.
There is a burning altar of Makhleb here.
Are you sure you want to abandon this character and quit the game? (Confirm with "yes".)

.≈###≈≈≈≈≈≈≈≈≈###≈.≈≈≈≈≈≈≈
.≈≈#≈≈...≈...≈≈#≈≈.≈≈≈≈≈≈≈
≈.≈≈≈.≈≈...≈≈.≈≈≈.≈≈≈≈≈≈≈≈
≈≈...≈≈≈...≈≈≈...≈≈≈≈≈≈≈≈≈
≈≈≈≈≈≈≈≈...≈≈≈≈≈≈≈≈≈≈≈≈≈≈≈
≈≈≈≈≈≈≈≈...≈≈≈≈≈≈≈≈≈≈≈≈≈≈≈
≈≈≈≈≈≈≈.....≈≈≈≈≈≈≈≈≈≈≈≈≈≈
≈.................≈≈≈≈≈≈≈≈
..._.....@....._...≈≈≈≈≈≈≈
._..._._..._._..._.≈≈≈≈≈≈
..._....._....._...≈≈≈≈≈
≈................
≈≈≈≈≈≈≈≈≈≈≈≈≈≈≈≈≈
≈≈≈≈≈≈≈≈≈≈≈≈≈≈≈≈≈
≈≈≈≈≈≈≈≈≈≈≈≈≈≈≈≈
≈≈≈≈≈≈≈≈≈≈≈≈≈≈≈


There were no monsters in sight!

Vanquished Creatures
  An ice beast (D:5)
  An ogre (D:5)
  2 howler monkeys (D:5)
  An orc wizard (D:5)
  2 worker ants
  A hound skeleton (D:4)
  Robin (D:2)
  3 gnolls (D:5)
  6 adders
  4 worms
  3 leopard geckos
  10 orcs
  2 giant cockroaches
  10 goblins
  6 hobgoblins
  12 jackals
  2 kobolds
  2 quokkas
  4 bats
  A giant cockroach zombie (D:5)
  A jackal skeleton (D:5)
  5 rats
80 creatures vanquished.

Vanquished Creatures (others)
  A spectral weapon (D:5)
1 creature vanquished.

Grand Total: 81 creatures vanquished

Notes
Turn   | Place    | Note
-------+----------+-------------------------------------------
     0 | D:1      | tidbits the Gnoll Skald began the quest for the Orb.
     0 | D:1      | Reached XP level 1. HP: 20/20 MP: 6/6
   119 | D:1      | Reached XP level 2. HP: 19/26 MP: 1/7
   146 | D:1      | Learned a level 2 spell: Song of Slaying
   149 | D:1      | Learned a level 2 spell: Shroud of Golubria
   173 | D:2      | Reached XP level 3. HP: 13/31 MP: 1/9
   178 | D:2      | Learned a level 3 spell: Regeneration
   182 | D:2      | Learned a level 3 spell: Spectral Weapon
   225 | D:2      | Noticed Robin
   229 | D:2      | Reached skill level 5 in Spellcasting
   235 | D:2      | Killed Robin
   235 | D:2      | Reached skill level 1 in Invocations
   235 | D:2      | HP: 1/31 [goblin/club[Robin] (4)]
   244 | D:2      | Got a jewelled helmet
   280 | D:2      | Identified the +0 helmet of the Trombone {-Tele rElec Int+6} (You took it off Robin on level 2 of the Dungeon)
   321 | D:2      | Reached skill level 1 in Short Blades
   321 | D:2      | Reached skill level 1 in Long Blades
   321 | D:2      | Reached skill level 1 in Maces & Flails
   321 | D:2      | Reached skill level 1 in Polearms
   321 | D:2      | Reached skill level 1 in Staves
   321 | D:2      | Reached skill level 1 in Slings
   321 | D:2      | Reached skill level 1 in Bows
   321 | D:2      | Reached skill level 1 in Crossbows
   321 | D:2      | Reached skill level 1 in Throwing
   321 | D:2      | Reached skill level 1 in Stealth
   321 | D:2      | Reached skill level 1 in Shields
   321 | D:2      | Reached skill level 1 in Unarmed Combat
   321 | D:2      | Reached skill level 1 in Evocations
   330 | D:2      | Reached XP level 4. HP: 16/38 MP: 2/11
   436 | D:2      | Reached skill level 1 in Conjurations
   436 | D:2      | Reached skill level 1 in Hexes
   436 | D:2      | Reached skill level 1 in Summonings
   436 | D:2      | Reached skill level 1 in Necromancy
   436 | D:2      | Reached skill level 1 in Translocations
   436 | D:2      | Reached skill level 1 in Transmutations
   436 | D:2      | Reached skill level 1 in Fire Magic
   436 | D:2      | Reached skill level 1 in Ice Magic
   436 | D:2      | Reached skill level 1 in Air Magic
   436 | D:2      | Reached skill level 1 in Earth Magic
   436 | D:2      | Reached skill level 1 in Poison Magic
   527 | D:3      | Reached XP level 5. HP: 33/43 MP: 2/12
   629 | D:4      | Reached skill level 3 in Armour
   636 | D:4      | Noticed a slave
   733 | D:5      | Entered Level 5 of the Dungeon
   751 | D:5      | Found a shattered altar of Ashenzari.
   804 | D:5      | Reached skill level 2 in Invocations
   804 | D:5      | Reached XP level 6. HP: 20/50 MP: 2/13
   820 | D:5      | Noticed a phantom
   820 | D:5      | Reached skill level 5 in Fighting
   820 | D:5      | Reached skill level 5 in Axes
   820 | D:5      | Reached skill level 5 in Dodging
   826 | D:5      | Reached skill level 2 in Short Blades
   826 | D:5      | Reached skill level 2 in Long Blades
   826 | D:5      | Reached skill level 2 in Maces & Flails
   826 | D:5      | Reached skill level 2 in Polearms
   826 | D:5      | Reached skill level 2 in Staves
   826 | D:5      | Reached skill level 2 in Slings
   826 | D:5      | Reached skill level 2 in Bows
   826 | D:5      | Reached skill level 2 in Crossbows
   826 | D:5      | Reached skill level 2 in Throwing
   826 | D:5      | Reached skill level 2 in Stealth
   826 | D:5      | Reached skill level 2 in Shields
   826 | D:5      | Reached skill level 2 in Unarmed Combat
   826 | D:5      | Reached skill level 2 in Evocations
   867 | D:5      | Noticed an ice beast
   874 | D:5      | Killed an ice beast
   917 | D:5      | Reached XP level 7. HP: 31/56 MP: 1/15
   929 | D:5      | HP: 2/56 [phantom (7)]
   943 | D:5      | Found a staircase to the Ecumenical Temple.
   953 | Temple   | Entered the Ecumenical Temple
   986 | Temple   | Quit the game

Skill      XL: |  1  2  3  4  5  6 |
---------------+-------------------+-----
Spellcasting   | 5 |  5.5
Invocations    | 1 2 |  2.5
Short Blades   | 1 2 |  2.3
Long Blades    | 1 2 |  2.3
Maces & Flails | 1 2 |  2.3
Polearms       | 1 2 |  2.3
Staves         | 1 2 |  2.3
Slings         | 1 2 |  2.3
Bows           | 1 2 |  2.3
Crossbows      | 1 2 |  2.3
Throwing       | 1 2 |  2.3
Stealth        | 1 2 |  2.3
Shields        | 1 2 |  2.3
Unarmed Combat | 1 2 |  2.3
Evocations     | 1 2 |  2.3
Conjurations   | 1 |  1.8
Hexes          | 1 |  1.8
Summonings     | 1 |  1.8
Necromancy     | 1 |  1.8
Translocations | 1 |  1.8
Transmutations | 1 |  1.8
Fire Magic     | 1 |  1.8
Ice Magic      | 1 |  1.8
Air Magic      | 1 |  1.8
Earth Magic    | 1 |  1.8
Poison Magic   | 1 |  1.8
Armour         | 3 |  3.5
Fighting       | 5 |  5.1
Axes           | 5 |  5.1
Dodging        | 5 |  5.1
Charms         | |  5.8

Action                   |  1- 3 |  4- 6 |  7- 9 || total
-------------------------+-------+-------+-------++-------
Melee: Hand axe          |    58 |    89 |       ||   147
       Bite              |     4 |     8 |     1 ||    13
       Dagger            |     7 |       |       ||     7
       War axe           |       |     7 |     9 ||    16
       Unarmed           |       |     1 |       ||     1
       Punch             |       |     1 |       ||     1
 Cast: Infusion          |     4 |       |       ||     4
       Spectral Weapon   |     2 |    13 |       ||    15
       Regeneration      |     1 |     5 |     1 ||     7
       Song of Slaying   |       |     6 |       ||     6
       Shroud of Golubri |       |     1 |       ||     1
  Use: Potion            |     4 |     4 |     3 ||    11
       Scroll            |       |     1 |       ||     1
 Stab: Invisible         |     3 |       |       ||     3
       Sleeping          |     3 |       |       ||     3
       Distracted        |       |     2 |       ||     2
  Eat: Chunk             |       |     1 |       ||     1
Armor: Leather armour    |    10 |    14 |     1 ||    25
       Skin              |       |     1 |       ||     1
Dodge: Dodged            |    40 |    82 |     3 ||   125

Table legend:
 A = Turns spent in this place as a percentage of turns spent in the entire game.
 B = Non-inter-level travel turns spent in this place as a percentage of non-inter-level travel turns spent in the entire game.
 C = Inter-level travel turns spent in this place as a percentage of turns spent in this place.
 D = Turns resting spent in this place as a percentage of non-inter-level travel turns spent in this place.
 E = Turns spent auto-exploring this place as a percentage of non-inter-level travel turns spent in this place.
 F = Non-inter-level travel turns spent in this place divided by the number of levels of this place that you've seen.
                   A       B       C       D       E      F
               +-------+-------+-------+-------+-------+----------------------
         Total | 100.0 | 100.0 |   2.6 |   0.0 |   0.0 | 160.0
       Dungeon |  96.7 |  98.0 |   1.3 |   0.0 |   0.0 | 188.2
        Temple |   3.3 |   2.0 |  42.4 |   0.0 |   0.0 |  19.0
               +-------+-------+-------+-------+-------+----------------------

Table legend:
 A = Kills in this place as a percentage of kills in entire the game.
 B = Kills by you in this place as a percentage of kills by you in the entire game.
 C = Kills by friends in this place as a percentage of kills by friends in the entire game.
 D = Other kills in this place as a percentage of other kills in the entire game.
 E = Experience gained in this place as a percentage of experience gained in the entire game.
 F = Experience gained in this place divided by the number of levels of this place that you have seen.
                   A       B       C       D       E      F
               +-------+-------+-------+-------+-------+----------------------
         Total | 100.0 | 100.0 |   N/A |   N/A | 100.0 | 125.3
       Dungeon | 100.0 | 100.0 |   N/A |   N/A | 100.0 | 150.4
               +-------+-------+-------+-------+-------+----------------------

Vault maps used:
D:1:      lightli_arrival_statuegarden, st_stairs_11
D:2:      lemuel_crystal_altar, minmay_heptomino_d4, uniq_robin, uniq_natasha
D:3:      lemuel_crystal_altar
D:4:      gammafunk_temple_overflow_wave, uniq_pikel
D:5:      kennysheep_mini, minmay_temple_entry_trees, first_ration
Temple:   minmay_temple_bridge_abc
